 Dungeon Crawl Stone Soup version 0.32-a0-975-g85d4e5bfdb (webtiles) character file.

Game seed: 5308284934973589170

834 PriceMaster the Grave Robber (level 7, 0/53 (54) HPs)
             Began as a Demonspawn Necromancer on Apr 19, 2024.
             Slain by a goblin
             ... wielding a +0 dagger
             ... led by Robin
              (5 damage)
             ... on level 4 of the Dungeon.
             The game lasted 00:06:42 (4187 turns).

PriceMaster the Grave Robber (DsNe)                 Turns: 4187, Time: 00:06:43

HP:   0/53 (54)     AC:  3    Str: 11    XL:     7   Next: 66%
MP:   11/11         EV: 12    Int: 15    God:
Gold: 192           SH:  4    Dex: 13    Spells: 4/12 levels left

rFire   . . .        g - +3 whip
rCold   . . .        (no shield)
rNeg    . . .        a - +0 robe
rPois   .            (helmet restricted)
rElec   .            (no cloak)
rCorr   .            (no gloves)
SInv    .            (no boots)
Will    .....        i - amulet of faith
Stlth   +++          (no ring)
HPRegen 0.28/turn    (no ring)
MPRegen 0.12/turn

%: faith
@: animating dead (expiring), very slightly contaminated, wreathed by umbra,
lightly drained
A: hooves 1, sharp scales 1, foul shadow 2, horns 1, large bone plates 1, low MP
1, screaming 1
a: no special abilities


You were on level 4 of the Dungeon.
You visited 1 branch of the dungeon, and saw 4 of its levels.
You also visited: Sewer.

You collected 192 gold pieces.

Inventory:

Hand Weapons
 f - a +0 dagger
 g - a +3 whip (weapon)
Armour
 a - a +0 robe (worn)
Jewellery
 i - an amulet of faith (around neck)
 l - a ring of see invisible
 u - a +5 ring of evasion
Wands
 t - a wand of quicksilver (6)
 v - a wand of digging (4)
Scrolls
 b - a scroll of poison {unknown}
 c - 4 scrolls of identify {unknown}
 d - a scroll of fear {unknown}
 h - a scroll of revelation {unknown}
 j - a scroll of vulnerability {unknown}
 k - a scroll of teleportation {unknown}
 m - 2 scrolls of brand weapon {unknown}
 n - a scroll of fog {unknown}
 q - a scroll of enchant armour {unknown}
Potions
 o - a potion of might {unknown}
 p - 2 potions of brilliance
 r - a potion of haste {unknown}
 s - a potion of curing {unknown}


   Skills:
 * Level 4.0 Fighting
 + Level 2.5 Maces & Flails
 - Level 0.1 Armour
 + Level 3.2 Dodging
 + Level 3.4 Stealth
 + Level 3.4 Spellcasting
 + Level 6.3 Necromancy


You had 4 spell levels left.
You knew the following spells:

 Your Spells              Type           Power      Damage    Failure   Level
a - Necrotise             Necr           84%        1d8       1%          1
b - Vampiric Draining     Necr           21%        2d7       4%          3
c - Animate Dead          Necr           21%        N/A       14%         4

Your spell library contained the following spells:

 Spells                   Type           Power      Damage    Failure   Level
 Foxfire                  Conj/Fire      8%         2x1d4     19%         1
 Teleport Other           Tloc           2%         N/A       50%         3
 Volatile Blastmotes      Fire/Tloc      4%         2d10      50%         3
 Fulminant Prism          Conj/Alch      1%         3d5       88%         4
 Iskenderun's Mystic Bla Conj/Tloc 2%             2d3        (+2d1     88%         4
 Curse of Agony           Necr           21%        N/A       36%         5
 Dispersal                Tloc           1%         N/A       100%        6
 Gell's Gavotte           Tloc           1%         2d(11-17) 100%        6
 Plasma Beam              Fire/Air       1%         2x1d11    100%        6
 Starburst                Conj/Fire      1%         6d3       100%        6


Dungeon Overview and Level Annotations

Branches:
Dungeon (4/15)              Sewer (visited)
 Temple: D:4-7

Altars:
Yredelemnul

Annotations:
D:4 3 runed translucent doors, Anchor's ghost, amateur MiMo; Robin


Innate Abilities, Weirdness & Mutations

You have large cloven feet.
You are partially covered in razor-sharp scales. (AC +1, Slay +1)
You are shadowed, sometimes releasing foul flame when damaged in melee.
You have a pair of small horns on your head.
You are partially covered in large bone plates. (SH +4)
Your magical capacity is low. (-10% MP)
You occasionally shout uncontrollably at your foes.


Message History

Casting: Vampiric Draining (dangerous; 4% risk of failure)
Confirm with . or Enter, or press ? or * to list all spells.
Aiming: Vampiric Draining (dangerous; 4% risk of failure)
Press: ? - help, Shift-Dir - straight line, f/p - goblin
Aim: a goblin, wielding a +0 club (heavily wounded, strong, not watching you, ally target, umbra)
You draw life force from the goblin!
You kill the goblin!
You feel life coursing into your body.
The dead are walking!
You feel sick.
You are no longer poisoned.
The goblin hits you with a +0 dagger.
The goblin barely misses your goblin zombie.
The goblin hits you with a +0 club.
Your goblin zombie completely misses the adder.
Your goblin zombie closely misses the goblin.
Casting: Vampiric Draining (dangerous; 4% risk of failure)
Confirm with . or Enter, or press ? or * to list all spells.
Aiming: Vampiric Draining (dangerous; 4% risk of failure)
Press: ? - help, Shift-Dir - straight line, f - goblin
Aim: a goblin, wielding a +0 club (heavily wounded, strong, umbra)
You miscast Vampiric Draining.
Strange energies run through your body.
You feel drained.
* * * LOW HITPOINT WARNING * * *
The adder bites you.
* * * LOW HITPOINT WARNING * * *
The hobgoblin barely misses you. The goblin closely misses you.
Robin throws the goblin at you!
* * * LOW HITPOINT WARNING * * *
The goblin hits you with a +0 club.
* * * LOW HITPOINT WARNING * * *
Your goblin zombie barely misses the adder.
The goblin closely misses you. The adder closely misses you.
Your goblin zombie barely misses the adder.
Casting: Vampiric Draining (dangerous; 4% risk of failure)
Confirm with . or Enter, or press ? or * to list all spells.
You don't have enough magic to cast this spell.
Okay, then.
Magic courses through your body. The hobgoblin hits you.
* * * LOW HITPOINT WARNING * * *
The goblin hits you with a +0 dagger.
You die...

#####.......# #........gg.#
..........# ######.......#
#......#'# ###.###..#.### ##
....<...)Z.Z###############
#..##.>.....ggS)Z.............#
#.....#.....)g@g#.............#
#####.[......Zg................
#<..[.....####............#
#....|####...#............#
#.......##.#.....##########
#.#####....#.##..#### ## #.#
#..########'##.######. #.# #..#
####.##......#. #.# #).#
###....##......#.


You could see Robin, an adder (ally target), a hobgoblin (strong), 3 goblins and
4 friendly goblin zombies.

Vanquished Creatures
  A water moccasin (D:4)
  Duvessa (D:4)
  Pargi (Sewer)
  An ogre (D:4)
  2 brain worms (Sewer)
  A scorpion (D:4)
  Dowan (D:4)
  A bullfrog zombie (D:4)
  A hound (D:4)
  An orc priest (D:4)
  3 adders
  An adder zombie (D:4)
  2 dart slugs
  An orc (D:3)
  6 endoplasms
  7 giant cockroaches
  15 goblins
  5 hobgoblins
  7 quokkas
  6 ball pythons
  4 bats
  4 frilled lizards
  2 kobolds
  A rat (D:2)
75 creatures vanquished.

Vanquished Creatures (collateral kills)
  2 ball pythons
  A goblin (D:4)
  A quokka (D:1)
  2 frilled lizards (Sewer)
6 creatures vanquished.

Vanquished Creatures (others)
  A goblin zombie (D:4)
1 creature vanquished.

Grand Total: 82 creatures vanquished

Notes
Turn   | Place    | Note
-------+----------+-------------------------------------------
     0 | D:1      | PriceMaster the Demonspawn Necromancer began the quest for
                  | the Orb.
     0 | D:1      | Reached XP level 1. HP: 13/13 MP: 3/3
   385 | D:1      | Gained mutation: You are partially covered in razor-sharp
                  | scales. (AC +1, Slay +1) [demonic ancestry]
   385 | D:1      | Reached XP level 2. HP: 19/19 MP: 1/5
   556 | D:1      | Reached skill level 5 in Necromancy
  1076 | D:2      | Reached XP level 3. HP: 24/24 MP: 2/6
  1349 | D:2      | Learned a level 3 spell: Vampiric Draining
  1702 | D:2      | Found a faded altar of an unknown god.
  2591 | D:3      | Gained mutation: You are faintly shadowed, very rarely
                  | releasing foul flame when damaged in melee. [demonic
                  | ancestry]
  2591 | D:3      | Reached XP level 4. HP: 31/31 MP: 7/7
  2741 | D:4      | Noticed Duvessa
  2741 | D:4      | Noticed Dowan
  2753 | D:4      | HP: 1/31 [frozen (4)]
  2754 | D:4      | Reached skill level 1 in Fighting
  2762 | D:4      | Killed Duvessa
  2763 | D:4      | Reached skill level 1 in Maces & Flails
  2763 | D:4      | Gained mutation: You are shadowed, sometimes releasing foul
                  | flame when damaged in melee. [demonic ancestry]
  2763 | D:4      | Reached XP level 5. HP: 19/38 MP: 0/9
  2783 | D:4      | HP: 1/38 [Dowan/shard of ice (18)]
  2793 | D:4      | Killed Dowan
  2907 | D:4      | Found a runed translucent gate.
  2907 | D:4      | Found a runed translucent gate.
  2907 | D:4      | Found a runed translucent gate.
  2907 | D:4      | Noticed Anchor's ghost (amateur MiMo)
  2909 | D:4      | Found a basalt altar of Yredelemnul.
  2925 | D:4      | Gained mutation: You have large cloven feet. [demonic
                  | ancestry]
  2925 | D:4      | Reached XP level 6. HP: 34/46 MP: 10/10
  2993 | D:4      | Learned a level 4 spell: Animate Dead
  3044 | D:4      | Found a glowing drain.
  3096 | Sewer    | Entered a sewer
  3229 | Sewer    | Reached skill level 6 in Necromancy
  3229 | Sewer    | Noticed Pargi
  3239 | Sewer    | Gained mutation: Your magical capacity is low. (-10% MP)
                  | [potion of mutation]
  3239 | Sewer    | Gained mutation: You have a pair of small horns on your
                  | head. [potion of mutation]
  3239 | Sewer    | Gained mutation: You occasionally shout uncontrollably at
                  | your foes. [potion of mutation]
  3239 | Sewer    | Gained mutation: You are partially covered in large bone
                  | plates. (SH +4) [potion of mutation]
  3241 | Sewer    | Killed Pargi
  3242 | Sewer    | Reached XP level 7. HP: 10/52 MP: 0/10
  4165 | D:4      | Noticed Robin
  4187 | D:4      | Slain by a goblin

Illustrated notes

Levels and vault maps discovered:
D:1:      enne_arrival_octagon_isle, layout_loops_ring, serial_aquarium,
          aquarium_bridge_island_small [aquarium_subvault_small_open,
          aquarium_subvault_window, aquarium_subvault_bridge,
          aquarium_subvault_bridge, aquarium_subvault_bridge],
          aquarium_window_2, aquarium_window_corridor_2, aquarium_window_double,
          aquarium_window_2, aquarium_view_2a, aquarium_view_2b,
          aquarium_balcony_double_4, aquarium_pool_2,
          amcnicky_mini_corridor_feature
D:2:      layout_basic, hellmonk_ecumenical_altar_leap_of_faith
D:3:      layout_loops_corners, nicolae_concentric_dashed_squares_wild,
          kennysheep_donut
D:4:      layout_basic, nicolae_yredelemnul_ghost_church, gup_sewer_entry_pipe,
          grunt_tough_drop, uniq_duvessa, uniq_robin

Skill      XL: |  1  2  3  4  5  6  7 |
---------------+----------------------+-----
Necromancy     | 5 6 |  6.3
Stealth        | 2 3 |  3.4
Fighting       | 2 3 4 |  4.0
Dodging        | 2 3 |  3.2
Maces & Flails | 1 2 |  2.5
Spellcasting   | 3 |  3.4
Armour         | |  0.1

Action                     |  1- 3 |  4- 6 |  7- 9 || total
---------------------------+-------+-------+-------++-------
  Melee: Unarmed           |     5 |       |       ||     5
         Whip              |    22 |    44 |    25 ||    91
         Dagger            |     2 |       |       ||     2
         Kick              |       |     9 |     2 ||    11
         Headbutt          |       |       |     7 ||     7
   Cast: Necrotise         |    58 |    21 |    15 ||    94
         Vampiric Draining |       |     4 |     3 ||     7
         Animate Dead      |       |     1 |     3 ||     4
    Use: Potion            |       |     5 |     2 ||     7
   Stab: Sleeping          |       |     3 |       ||     3
 Armour: Robe              |    16 |    54 |    31 ||   101
  Dodge: Dodged            |    30 |    54 |    34 ||   118
  Block: Other             |       |       |     9 ||     9

Table legend: (Time is in decaauts)
 A = Elapsed time spent in this place.
 B = Non-inter-level travel time spent in this place.
 C = Inter-level travel time spent in this place.
 D = Time resting spent in this place.
 E = Time spent auto-exploring this place.
 F = Levels seen in this place.
 G = Mean time per level.
                   A        B        C        D        E       F      G
               +--------+--------+--------+--------+--------+-----+--------+
         Total |   4259 |   4170 |     89 |    281 |   3263 |   5 |  851.8 |
       Dungeon |   3650 |   3561 |     89 |     32 |   3013 |   4 |  912.5 |
         Sewer |    609 |    609 |      0 |    249 |    250 |   1 |  609.0 |
               +--------+--------+--------+--------+--------+-----+--------+

Top non-repeatable levels by time:
     D:1: 961 daAuts
     D:3: 935 daAuts
     D:4: 908 daAuts
     D:2: 844 daAuts
   Sewer: 609 daAuts
